[ AOE2 MATCH · #507883230 ]
UnrankedWu vs Bulgarians
Player's team · WIN
Rival team · LOSS
[ REPLAY ANALYSIS · EXTRACTED FROM THE RECORDED GAME ]
Feudal
9:46
Castle
21:07
Imperial
35:49
| APM avg | 65.2 |
| APM peak | 101 |
| eAPM avg | 33.4 |
| Villagers / military | 200 / 276 |
Focus
⚔️ 45.3% · 🌾 54.7%
Scout Cavalry ×210 · Unknown (1968) ×110 · Archer ×32 · Unknown (1944) ×32 · Skirmisher ×19 · Militia ×7
Feudal
9:23
Castle
22:03
Imperial
38:40
| APM avg | 85.7 |
| APM peak | 151 |
| eAPM avg | 41.4 |
| Villagers / military | 197 / 295 |
Focus
⚔️ 41.2% · 🌾 58.8%
Knight ×74 · Scout Cavalry ×67 · Skirmisher ×64 · Cavalry Archer ×53 · Battering Ram ×15 · Konnik ×8
Match map
Initial resources + every placement click. Lines = walls · curves = elevation contours. ◆ gold · ⬟ stone · ● berries · ✦ relic · ◌ wall gap
Your base· ✓ Closed at 21:07 · 37t walls · 1 gate(s)
Quix's base· ✓ Closed at 22:03 · 46t walls · no gate
Smoothed initial terrain · ◌ = detected wall gap · hover for details
Inputs per minute
— _TieuQuy - - Quix
Build order — _TieuQuy
First 150 of 552 actions detected
| 0:01 | Queue | Villager (Male) |
| 0:01 | Queue | Villager (Male) |
| 0:02 | Build | House |
| 0:03 | Build | House |
| 0:17 | Queue | Villager (Male) |
| 0:17 | Queue | Villager (Male) |
| 0:17 | Queue | Villager (Male) |
| 1:27 | Queue | Villager (Male) |
| 1:27 | Queue | Villager (Male) |
| 1:56 | Queue | Villager (Male) |
| 1:57 | Build | Lumber Camp |
| 2:13 | Queue | Villager (Male) |
| 2:14 | Queue | Villager (Male) |
| 2:43 | Queue | Villager (Male) |
| 2:43 | Queue | Villager (Male) |
| 3:04 | Queue | Villager (Male) |
| 3:04 | Queue | Villager (Male) |
| 3:45 | Queue | Villager (Male) |
| 4:03 | Queue | Villager (Male) |
| 4:05 | Build | House |
| 4:09 | Build | House |
| 4:20 | Queue | Villager (Male) |
| 4:38 | Build | Barracks |
| 4:51 | Queue | Villager (Male) |
| 4:51 | Queue | Villager (Male) |
| 5:08 | Build | House |
| 5:32 | Queue | Militia |
| 5:32 | Queue | Militia |
| 5:34 | Queue | Villager (Male) |
| 6:04 | Build | Mill |
| 6:10 | Queue | Villager (Male) |
| 6:34 | Queue | Villager (Male) |
| 6:37 | Research | Loom |
| 7:20 | Build | Mining Camp |
| 7:36 | Research | Feudal Age |
| 7:36 | Research | Feudal Age |
| 8:15 | Queue | Militia |
| 8:20 | Build | Farm |
| 8:22 | Build | House |
| 8:38 | Build | Palisade Wall |
| 8:40 | Build | Palisade Wall |
| 8:45 | Queue | Militia |
| 9:14 | Build | Farm |
| 9:18 | Build | Mill |
| 9:32 | Queue | Villager (Male) |
| 9:38 | Build | Palisade Wall |
| 9:39 | Build | Palisade Wall |
| 9:46 | Age | Feudal Age |
| 9:48 | Research | Man-at-Arms (upgrade) |
| 9:49 | Research | Man-at-Arms (upgrade) |
| 10:06 | Queue | Villager (Male) |
| 10:18 | Build | Farm |
| 10:31 | Queue | Villager (Male) |
| 10:33 | Build | Farm |
| 10:34 | Build | Palisade Wall |
| 10:36 | Build | House |
| 10:44 | Queue | Villager (Male) |
| 10:54 | Research | Double-Bit Axe |
| 10:55 | Research | Double-Bit Axe |
| 11:21 | Queue | Villager (Male) |
| 11:32 | Build | Archery Range |
| 11:52 | Queue | Villager (Male) |
| 11:58 | Queue | Militia |
| 12:19 | Build | House |
| 12:20 | Queue | Archer |
| 12:25 | Queue | Villager (Male) |
| 12:35 | Build | Blacksmith |
| 12:40 | Queue | Archer |
| 12:42 | Queue | Villager (Male) |
| 12:57 | Queue | Villager (Male) |
| 13:09 | Build | Farm |
| 13:16 | Queue | Villager (Male) |
| 13:18 | Build | House |
| 13:21 | Build | Palisade Wall |
| 13:23 | Build | Palisade Wall |
| 13:38 | Queue | Archer |
| 13:46 | Build | Palisade Wall |
| 14:05 | Research | Fletching |
| 14:05 | Research | Fletching |
| 14:06 | Queue | Villager (Male) |
| 14:07 | Build | Farm |
| 14:08 | Queue | Villager (Male) |
| 14:16 | Research | Scale Mail Armor |
| 14:17 | Research | Scale Mail Armor |
| 14:22 | Queue | Villager (Male) |
| 14:25 | Build | Farm |
| 14:32 | Queue | Archer |
| 14:33 | Queue | Archer |
| 14:48 | Queue | Villager (Male) |
| 14:49 | Build | Farm |
| 14:52 | Build | House |
| 14:57 | Queue | Archer |
| 15:01 | Queue | Militia |
| 15:02 | Queue | Militia |
| 15:22 | Build | Farm |
| 15:23 | Build | Farm |
| 15:29 | Queue | Archer |
| 15:35 | Queue | Villager (Male) |
| 15:37 | Build | House |
| 16:11 | Queue | Villager (Male) |
| 16:14 | Build | Lumber Camp |
| 16:25 | Queue | Archer |
| 16:31 | Build | Farm |
| 16:32 | Build | Farm |
| 16:32 | Queue | Villager (Male) |
| 16:34 | Build | Palisade Wall |
| 16:42 | Queue | Villager (Male) |
| 16:51 | Queue | Archer |
| 16:53 | Queue | Villager (Male) |
| 17:11 | Build | Farm |
| 17:16 | Build | Farm |
| 17:19 | Build | Palisade Wall |
| 17:24 | Queue | Archer |
| 17:28 | Build | Palisade Gate |
| 17:29 | Build | Palisade Wall |
| 17:37 | Build | Farm |
| 17:49 | Build | Farm |
| 17:54 | Queue | Villager (Male) |
| 18:13 | Build | Farm |
| 18:27 | Research | Castle Age |
| 18:27 | Research | Castle Age |
| 18:37 | Build | Farm |
| 18:41 | Queue | Archer |
| 18:50 | Build | Lumber Camp |
| 19:01 | Research | Horse Collar |
| 19:01 | Research | Horse Collar |
| 19:01 | Research | Horse Collar |
| 19:09 | Queue | Archer |
| 19:12 | Build | Farm |
| 19:32 | Queue | Archer |
| 19:51 | Build | Stable |
| 19:54 | Queue | Archer |
| 20:10 | Research | Scale Barding Armor |
| 20:11 | Research | Scale Barding Armor |
| 20:11 | Research | Scale Barding Armor |
| 20:17 | Build | House |
| 20:19 | Build | House |
| 20:33 | Queue | Archer |
| 20:36 | Build | Farm |
| 20:58 | Queue | Villager (Male) |
| 21:07 | Age | Castle Age |
| 21:09 | Research | Crossbowman (upgrade) |
| 21:09 | Research | Bodkin Arrow |
| 21:09 | Queue | Unit 1944 |
| 21:14 | Build | Town Center |
| 21:21 | Queue | Villager (Male) |
| 21:27 | Queue | Unit 1944 |
| 21:49 | Queue | Villager (Male) |
| 21:53 | Queue | Unit 1944 |
| 21:56 | Queue | Archer |
Build order — Quix
First 150 of 746 actions detected
| 0:00 | Queue | Villager (Male) |
| 0:00 | Queue | Villager (Male) |
| 0:01 | Queue | Villager (Male) |
| 0:02 | Build | House |
| 0:02 | Build | House |
| 0:09 | Queue | Villager (Male) |
| 0:09 | Queue | Villager (Male) |
| 1:27 | Queue | Villager (Male) |
| 1:50 | Build | Lumber Camp |
| 1:58 | Queue | Villager (Male) |
| 1:58 | Queue | Villager (Male) |
| 2:13 | Queue | Villager (Male) |
| 2:13 | Queue | Villager (Male) |
| 2:44 | Queue | Villager (Male) |
| 3:06 | Queue | Villager (Male) |
| 3:06 | Queue | Villager (Male) |
| 3:29 | Queue | Villager (Male) |
| 3:54 | Build | House |
| 3:55 | Build | House |
| 4:09 | Queue | Villager (Male) |
| 4:19 | Build | Mill |
| 4:32 | Queue | Villager (Male) |
| 4:32 | Queue | Villager (Male) |
| 4:32 | Queue | Villager (Male) |
| 5:17 | Queue | Villager (Male) |
| 5:32 | Queue | Villager (Male) |
| 5:32 | Queue | Villager (Male) |
| 5:32 | Queue | Villager (Male) |
| 5:57 | Research | Loom |
| 6:13 | Build | Barracks |
| 7:13 | Research | Feudal Age |
| 7:23 | Build | Mining Camp |
| 7:48 | Queue | Militia |
| 8:07 | Build | Palisade Wall |
| 8:14 | Build | Palisade Wall |
| 8:18 | Queue | Militia |
| 8:25 | Queue | Militia |
| 8:39 | Queue | Villager (Male) |
| 8:58 | Build | House |
| 9:01 | Build | Palisade Wall |
| 9:02 | Build | Palisade Wall |
| 9:23 | Age | Feudal Age |
| 9:24 | Build | Palisade Wall |
| 9:25 | Build | Palisade Wall |
| 9:36 | Research | Double-Bit Axe |
| 9:36 | Research | Double-Bit Axe |
| 9:43 | Queue | Villager (Male) |
| 9:48 | Build | Archery Range |
| 9:51 | Queue | Villager (Male) |
| 9:52 | Queue | Villager (Male) |
| 10:15 | Build | Farm |
| 10:25 | Build | Palisade Wall |
| 10:26 | Build | Palisade Wall |
| 10:27 | Build | Palisade Wall |
| 10:27 | Build | Palisade Wall |
| 10:29 | Build | Palisade Wall |
| 10:35 | Queue | Villager (Male) |
| 10:44 | Build | Farm |
| 10:53 | Build | Farm |
| 10:59 | Build | Mill |
| 11:06 | Build | Farm |
| 11:07 | Queue | Villager (Male) |
| 11:22 | Build | Farm |
| 11:23 | Build | Farm |
| 11:29 | Queue | Villager (Male) |
| 11:48 | Build | Farm |
| 11:49 | Queue | Skirmisher |
| 11:56 | Queue | Villager (Male) |
| 12:01 | Research | Town Watch |
| 12:01 | Research | Town Watch |
| 12:02 | Build | House |
| 12:11 | Build | Farm |
| 12:13 | Build | House |
| 12:24 | Queue | Skirmisher |
| 12:27 | Queue | Villager (Male) |
| 12:32 | Build | House |
| 12:43 | Queue | Skirmisher |
| 12:47 | Queue | Villager (Male) |
| 13:03 | Build | Palisade Wall |
| 13:09 | Queue | Skirmisher |
| 13:11 | Queue | Villager (Male) |
| 13:26 | Build | Blacksmith |
| 13:32 | Build | Palisade Wall |
| 13:35 | Queue | Skirmisher |
| 13:37 | Queue | Villager (Male) |
| 13:49 | Build | Palisade Wall |
| 13:49 | Build | Palisade Wall |
| 13:50 | Build | Palisade Wall |
| 13:53 | Build | Farm |
| 14:13 | Research | Fletching |
| 14:14 | Queue | Villager (Male) |
| 14:17 | Queue | Skirmisher |
| 14:20 | Queue | Villager (Male) |
| 14:30 | Build | Farm |
| 14:33 | Build | House |
| 14:38 | Queue | Skirmisher |
| 14:56 | Queue | Skirmisher |
| 14:56 | Queue | Skirmisher |
| 14:58 | Queue | Villager (Male) |
| 15:12 | Queue | Skirmisher |
| 15:14 | Build | Farm |
| 15:20 | Queue | Villager (Male) |
| 15:21 | Queue | Skirmisher |
| 15:27 | Build | Farm |
| 15:37 | Queue | Skirmisher |
| 15:51 | Queue | Villager (Male) |
| 16:10 | Build | Lumber Camp |
| 16:17 | Queue | Archer |
| 16:24 | Queue | Villager (Male) |
| 16:24 | Queue | Villager (Male) |
| 16:46 | Queue | Skirmisher |
| 16:53 | Queue | Villager (Male) |
| 16:54 | Build | Farm |
| 16:55 | Build | Farm |
| 16:55 | Build | Farm |
| 16:55 | Build | Farm |
| 17:04 | Queue | Archer |
| 17:17 | Queue | Archer |
| 17:19 | Build | House |
| 17:32 | Queue | Archer |
| 17:35 | Build | House |
| 17:36 | Build | House |
| 17:46 | Queue | Villager (Male) |
| 17:47 | Queue | Villager (Male) |
| 17:47 | Queue | Villager (Male) |
| 17:59 | Build | House |
| 18:22 | Queue | Archer |
| 18:29 | Build | Farm |
| 18:29 | Build | Farm |
| 18:39 | Build | Archery Range |
| 18:47 | Build | House |
| 18:49 | Build | Palisade Wall |
| 18:49 | Build | Palisade Wall |
| 19:11 | Build | Market |
| 19:23 | Research | Castle Age |
| 19:23 | Research | Castle Age |
| 19:34 | Queue | Archer |
| 19:42 | Queue | Archer |
| 20:01 | Research | Horse Collar |
| 20:06 | Build | House |
| 20:07 | Build | Palisade Wall |
| 20:14 | Build | Palisade Wall |
| 20:26 | Research | Padded Archer Armor |
| 20:26 | Research | Padded Archer Armor |
| 20:37 | Research | Gold Mining |
| 20:41 | Build | House |
| 21:07 | Build | House |
| 21:08 | Build | Palisade Wall |
| 21:52 | Build | Palisade Wall |
| 22:00 | Queue | Villager (Male) |
Match timeline
| 4:38 | _TieuQuy · first_building Barracks |
| 6:13 | Quix · first_building Barracks |
| 8:07 | Quix · wall_segment Palisade Wall x1 |
| 8:14 | Quix · wall_segment Palisade Wall x1 |
| 8:38 | _TieuQuy · wall_segment Palisade Wall x1 |
| 8:40 | _TieuQuy · wall_segment Palisade Wall x1 |
| 9:01 | Quix · wall_segment Palisade Wall x1 |
| 9:02 | Quix · wall_segment Palisade Wall x1 |
| 9:23 | Quix · age_up feudal |
| 9:24 | Quix · wall_segment Palisade Wall x1 |
| 9:25 | Quix · wall_segment Palisade Wall x1 |
| 9:38 | _TieuQuy · wall_segment Palisade Wall x1 |
| 9:39 | _TieuQuy · wall_segment Palisade Wall x1 |
| 9:46 | _TieuQuy · age_up feudal |
| 9:48 | Quix · first_building Archery Range |
| 10:25 | Quix · wall_segment Palisade Wall x1 |
| 10:26 | Quix · wall_segment Palisade Wall x1 |
| 10:27 | Quix · wall_segment Palisade Wall x1 |
| 10:27 | Quix · wall_segment Palisade Wall x1 |
| 10:29 | Quix · wall_segment Palisade Wall x1 |
| 10:34 | _TieuQuy · wall_segment Palisade Wall x1 |
| 11:32 | _TieuQuy · first_building Archery Range |
| 13:03 | Quix · wall_segment Palisade Wall x3 |
| 13:21 | _TieuQuy · wall_segment Palisade Wall x8 |
| 13:23 | _TieuQuy · wall_segment Palisade Wall x5 |
| 13:32 | Quix · wall_segment Palisade Wall x8 |
| 13:46 | _TieuQuy · wall_segment Palisade Wall x8 |
| 13:49 | Quix · wall_segment Palisade Wall x1 |
| 13:49 | Quix · wall_segment Palisade Wall x1 |
| 13:50 | Quix · wall_segment Palisade Wall x1 |
| 16:34 | _TieuQuy · wall_segment Palisade Wall x7 |
| 17:19 | _TieuQuy · wall_segment Palisade Wall x3 |
| 17:29 | _TieuQuy · wall_segment Palisade Wall x1 |
| 18:49 | Quix · wall_segment Palisade Wall x1 |
| 18:49 | Quix · wall_segment Palisade Wall x1 |
| 19:51 | _TieuQuy · first_building Stable |
| 20:07 | Quix · wall_segment Palisade Wall x1 |
| 20:14 | Quix · wall_segment Palisade Wall x10 |
| 21:07 | _TieuQuy · age_up castle |
| 21:08 | Quix · wall_segment Palisade Wall x8 |
| 21:52 | Quix · wall_segment Palisade Wall x1 |
| 22:03 | Quix · age_up castle |
| 23:07 | Quix · first_building Monastery |
| 25:53 | _TieuQuy · first_building Siege Workshop |
| 27:34 | _TieuQuy · first_building Monastery |
| 28:53 | Quix · first_building Stable |
| 32:00 | _TieuQuy · first_building Castle |
| 34:29 | Quix · first_building Castle |
| 35:28 | Quix · first_market_sell 100 wood |
| 35:35 | Quix · first_building Siege Workshop |
| 35:49 | _TieuQuy · age_up imperial |
| 36:46 | Quix · first_market_buy 100 wood |
| 38:40 | Quix · age_up imperial |
| 39:40 | _TieuQuy · first_market_sell 500 wood |
| 54:04 | Quix · resign |
[ AI ANALYSIS · 1 CREDIT ]
What really happened in this match?
Wolo.gg analyzes every decision: build order, eco, micro, common mistakes by bracket. Personalized analysis on WhatsApp or Discord in 30 seconds.
Civ guide
Wu
Perfil
_TieuQuy